 Dungeon Crawl Stone Soup version 0.27-a0-1612-gde56a17b89 (webtiles) character file.

Game seed: 8623929183239659979

205 Anon1729 the Spear-Bearer (level 5, -8/41 HPs)
             Began as a Merfolk Monk on July 21, 2021.
             Killed by divine providence
             ... invoked by an orc priest
              (13 damage)
             ... on level 3 of the Dungeon.
             The game lasted 00:03:07 (2871 turns).

Anon1729 the Spear-Bearer (Merfolk Monk)            Turns: 2871, Time: 00:03:08

Health: -8/41      AC:  2    Str: 11    XL:     5   Next: 83%
Magic:  5/5        EV: 14    Int:  9    God:
Gold:   133        SH:  0    Dex: 18    Spells: 4/4 levels left

rFire    . . .     SeeInvis .   a - +0 spear
rCold    . . .     Faith    .   (no shield)
rNeg     . . .     Spirit   .   b - +0 robe
rPois    .         Reflect  .   (no helmet)
rElec    .         Harm     .   (no cloak)
rCorr    .         Rampage  .   (no gloves)
Will     .....                  (no boots)
Stlth    ++........             (no amulet)
HPRegen  0.13/turn              (no ring)
MPRegen  0.09/turn              (no ring)

@: no status effects
A: (nimble swimmer 2), mertail
a: no special abilities


You were on level 3 of the Dungeon.
You visited 1 branch of the dungeon, and saw 4 of its levels.

You collected 133 gold pieces.

Inventory:

Hand Weapons
 a - a +0 spear (weapon)
Missiles
 k - 3 boomerangs
 n - 4 atropa-tipped darts (quivered)
Armour
 b - a +0 robe (worn)
Scrolls
 e - a scroll of brand weapon {unknown}
 g - 3 scrolls of identify {unknown}
 h - a scroll of fog {unknown}
 j - a scroll of magic mapping {unknown}
 l - a scroll of teleportation {unknown}
 m - a scroll of amnesia {unknown}
Potions
 c - a potion of curing {unknown}
 d - a potion of flight {unknown}
 f - a potion of degeneration {unknown}
 i - a potion of haste {unknown}


   Skills:
 - Level 3.5 Fighting
 + Level 8.7 Polearms
 - Level 4.2 Dodging
 - Level 2.5 Stealth


You had 4 spell levels left.
You didn't know any spells.
Your spell library was empty.

Dungeon Overview and Level Annotations

Branches:
Dungeon (4/15)
 Temple: D:4-7

Altars:

Annotations:
D:3 Robin


Innate Abilities, Weirdness & Mutations

((You are quick and stealthy near water. (Stealth+, EV+, Speed+++)))
Your lower body shifts to a powerful aquatic tail in water.


Message History

You barely miss Robin.
Robin is moderately wounded.
Robin misses you.
You barely miss Robin.
Robin is moderately wounded.
Robin roars a battlecry!
The goblin unwields a +0 dagger.
The goblin wields a +0 hunting sling.
The goblin shoots a stone.
The stone barely misses you.
You closely miss Robin.
Robin is moderately wounded.
The goblin hits you with a +0 club. Robin throws the goblin at you!
A goblin comes into view.
It is wielding a +0 dagger of protection.
The goblin closely misses you. The goblin hits you with a +0 club.
You puncture the goblin!
You kill the goblin!
Robin throws the goblin at you!
The goblin unwields a +0 hunting sling.
The goblin wields a +0 dagger.
The goblin hits you with a +0 dagger.
A hobgoblin comes into view.
Robin roars a battlecry!
The hobgoblin goes into a battle-frenzy!
The goblin hits you with a +0 dagger.
Things that are here:
a +0 club; a goblin corpse The goblin barely misses you.
A hobgoblin comes into view.
Robin hits you with a +0 club. The orc closely misses you.
Robin throws the goblin at you! The goblin closely misses you.
The goblin misses you.
Robin roars a battlecry!
The hobgoblin goes into a battle-frenzy!
The goblin hits you with a +0 dagger of protection.
The goblin misses you.
The orc priest invokes the aid of Beogh against you.
Beogh smites you!
* * * LOW HITPOINT WARNING * * *
Robin throws the goblin at you!
The orc priest calls down the wrath of Beogh upon you.
Beogh smites you!
You die...

≈≈≈≈≈≈≈≈≈†)≈≈≈....≈≈≈≈≈≈≈≈≈≈≈≈≈≈≈
......)..........................
####.###..#####.#.#..#####....###
#.# ##..# #...<#.......#### #.#
##.## ####.##.....## #.# #..##
#..#..##.# #.. ##..## ##.#.###..
## ##..#####.#># #.##
##..g@.#.#)## ..#
#####.go.).####.#####
#.ggg..##........
#...g.)##.##..###
##.go.o##..o.g...
#.....)....##.###
#......###>##.### .......##
#.##.o.o ........ #.######


You could see Robin, an orc priest, an orc wizard, an orc, 3 hobgoblins and 3
goblins.

Vanquished Creatures
  A hound (D:3)
  2 orc priests
  3 gnolls (D:3)
  An adder (D:3)
  2 dart slugs (D:1)
  4 orcs (D:3)
  3 bats
  5 endoplasms
  2 giant cockroaches (D:1)
  5 hobgoblins
  13 jackals (D:3)
  A quokka (D:2)
  6 ball pythons
  4 frilled lizards
  10 goblins
  3 kobolds
  A rat (D:2)
66 creatures vanquished.

Vanquished Creatures (others)
  2 plants (D:3)
2 creatures vanquished.

Grand Total: 68 creatures vanquished

Notes
Turn   | Place    | Note
-------+----------+-------------------------------------------
     0 | D:1      | Anon1729 the Merfolk Monk began the quest for the Orb.
     0 | D:1      | Reached XP level 1. HP: 18/18 MP: 1/1
    77 | D:1      | Reached XP level 2. HP: 11/24 MP: 2/2
   485 | D:1      | Reached skill level 5 in Polearms
  1119 | D:2      | Reached XP level 3. HP: 29/29 MP: 3/3
  1725 | D:3      | Reached skill level 6 in Polearms
  1843 | D:3      | Reached XP level 4. HP: 22/35 MP: 4/4
  1852 | D:3      | Reached skill level 7 in Polearms
  2202 | D:3      | Reached XP level 5. HP: 31/41 MP: 5/5
  2225 | D:3      | Reached skill level 8 in Polearms
  2392 | D:3      | Noticed Robin
  2871 | D:3      | Killed from afar by an orc priest

Illustrated notes

Levels and vault maps discovered:
D:1:      minmay_arrival_up_and_down, layout_loops_ring
D:2:      layout_basic
D:3:      lemuel_castle_with_subvaults [lemuel_castle_interior_carwin_3],
          layout_rooms, uniq_robin
D:4:      layout_basic

Skill      XL: |  1  2  3  4  5 |
---------------+----------------+-----
Polearms       | 5 6 7 8 |  8.7
Fighting       | |  3.5
Dodging        | |  4.2
Stealth        | |  2.5

Action                   |  1- 3 |  4- 6 || total
-------------------------+-------+-------++-------
Melee: Spear             |   159 |   126 ||   285
       Tailslap          |     6 |     2 ||     8
Throw: Dart              |       |     1 ||     1
       Boomerang         |       |     1 ||     1
 Stab: Sleeping          |    16 |       ||    16
       Distracted        |     1 |       ||     1
       Invisible         |       |     1 ||     1
Armor: Robe              |    10 |     9 ||    19
Dodge: Dodged            |   100 |    63 ||   163

Table legend: (Time is in decaauts)
 A = Elapsed time spent in this place.
 B = Non-inter-level travel time spent in this place.
 C = Inter-level travel time spent in this place.
 D = Time resting spent in this place.
 E = Time spent auto-exploring this place.
 F = Levels seen in this place.
 G = Mean time per level.
                   A        B        C        D        E       F      G
               +--------+--------+--------+--------+--------+-----+--------+
         Total |   2748 |   2718 |     30 |    784 |   1433 |   4 |  687.0 |
       Dungeon |   2748 |   2718 |     30 |    784 |   1433 |   4 |  687.0 |
               +--------+--------+--------+--------+--------+-----+--------+

Top non-repeatable levels by time:
     D:1: 1025 daAuts
     D:2: 678 daAuts
     D:3: 642 daAuts
     D:4: 401 daAuts
